 Dungeon Crawl Stone Soup version 0.27-a0-972-gd1521fd518 (webtiles) character file.

Game seed: 5589456827005742444

10 Alarkh the Insei (level 2, -5/21 HPs)
             Began as a Demonspawn Transmuter on Apr 13, 2021.
             Slain by a bullfrog (8 damage)
             ... on level 2 of the Dungeon.
             The game lasted 00:00:35 (575 turns).

Alarkh the Insei (Demonspawn Transmuter)             Turns: 575, Time: 00:00:35

Health: -5/21      AC:  3    Str: 10    XL:     2   Next: 10%
Magic:  4/5        EV: 12    Int: 14    God:
Gold:   41         SH:  0    Dex: 13    Spells: 4/5 levels left

rFire    . . .     SeeInvis .     - Unarmed
rCold    . . .     Faith    .   (no shield)
rNeg     . . .     Spirit   .   a - +0 robe
rPois    .         Reflect  .   (no helmet)
rElec    .         Harm     .   (no cloak)
rCorr    .         Rampage  .   (no gloves)
Will     .....                  (no boots)
Stlth    +.........             (no amulet)
HPRegen  0.07/turn              (no ring)
MPRegen  0.09/turn              (no ring)

@: brilliant, very slightly contaminated
A: sharp scales 1
a: no special abilities


You were on level 2 of the Dungeon.
You visited 1 branch of the dungeon, and saw 2 of its levels.

You collected 41 gold pieces.

Inventory:

Armour
 a - a +0 robe (worn)
Magical Staves
 b - a staff of cold
Scrolls
 c - 2 scrolls of amnesia {unknown}
 d - 2 scrolls of identify {unknown}
Potions
 e - 2 potions of brilliance


   Skills:
 + Level 1.2 Fighting
 - Level 1.7 Dodging
 * Level 3.0 Unarmed Combat
 + Level 2.1 Spellcasting
 + Level 1.9 Transmutations


You had 4 spell levels left.
You knew the following spells:

 Your Spells              Type           Power      Damage    Failure   Level
a - Beastly Appendage     Tmut           20%        N/A       11%         1

Your spell library contained the following spells:

 Spells                   Type           Power      Damage    Failure   Level
 Wereblood                Tmut           10%        N/A       16%         2
 Spider Form              Tmut/Pois      3%         N/A       43%         3
 Ice Form                 Ice/Tmut       6%         N/A       83%         4
 Hydra Form               Tmut           5%         N/A       96%         5


Dungeon Overview and Level Annotations

Branches:
Dungeon (1/15)

Altars:

Shops:
D:1 !


Innate Abilities, Weirdness & Mutations

You are partially covered in razor-sharp scales. (AC +1, Slay +1)


Message History

You're too confused to cast spells.
You closely miss the bullfrog. The bullfrog closely misses you. x2
You bump into the rock wall.
The bullfrog barely misses you.
You hit the bullfrog.
The bullfrog is lightly wounded.
The bullfrog misses you. The bullfrog hits you.
You hit the bullfrog.
The bullfrog is heavily wounded.
The bullfrog barely misses you.
A quokka and a goblin come into view.
The goblin shouts!
You hear a shout!
The quokka twitches its whiskers.
The bullfrog barely misses you.
You hit the bullfrog.
The bullfrog is severely wounded.
The bullfrog hits you but does no damage.
You bump into the rock wall.
The bullfrog closely misses you. The bullfrog hits you.
You bump into the rock wall.
A bat comes into view.
The bullfrog barely misses you. The goblin barely misses you.
You're too confused to move!
The bullfrog closely misses you. The goblin misses you. The bullfrog hits you!
You closely miss the bullfrog.
The bullfrog is severely wounded.
You feel less invigorated.
You feel less confused. The quokka misses you. The bullfrog hits you!
The goblin barely misses you.
An orc wizard comes into view. It is wielding a +0 dagger.
Casting: Beastly Appendage (safe; 11% risk of failure)
Confirm with . or Enter, or press ? or * to list all spells.
You feel a surge of power!
You miscast Beastly Appendage.
You are very lightly contaminated with residual magic.
Nothing appears to happen.
The bullfrog hits you.
* * * LOW HITPOINT WARNING * * *
The quokka bites you but does no damage.
The bat barely misses you. The goblin hits you with a +0 club.
* * * LOW HITPOINT WARNING * * *
The bullfrog hits you!
You die...

.F....# ......
.....# #.....#
##....#
...#....#....>#
#.............###
..............#
#... #...).).###
.###..b#####.#....#
......r@F$...#....#
.###..g####.....###
#... ..##### #...
.### #... ## ....
.o..# ...##


You could see a bullfrog, an orc wizard, a quokka, a goblin and a bat.

Vanquished Creatures
  An endoplasm (D:2)
  3 goblins
  A hobgoblin (D:1)
  2 kobolds
  A ball python (D:1)
8 creatures vanquished.

Notes
Turn   | Place    | Note
-------+----------+-------------------------------------------
     0 | D:1      | Alarkh the Demonspawn Transmuter began the quest for the
                  | Orb.
     0 | D:1      | Reached XP level 1. HP: 15/15 MP: 3/3
    92 | D:1      | Found Onell's Distillery.
   542 | D:1      | You fall into a shaft and drop 1 floor!
   550 | D:2      | Noticed a bullfrog
   551 | D:2      | Gained mutation: You are partially covered in razor-sharp
                  | scales. (AC +1, Slay +1) [demonic ancestry]
   551 | D:2      | Reached XP level 2. HP: 13/21 MP: 3/5
   558 | D:2      | Reached skill level 3 in Unarmed Combat
   575 | D:2      | Slain by a bullfrog

Illustrated notes

Levels and vault maps discovered:
D:1:      heliophobic_arrival_henge, layout_basic, serial_shops, shop_statue
D:2:      layout_rooms, minmay_tetromino_l4

Skill      XL: |  1  2 |
---------------+-------+-----
Unarmed Combat | 3 |  3.0
Fighting       | |  1.2
Dodging        | |  1.7
Spellcasting   | |  2.1
Transmutations | |  1.9

Action                   || total
-------------------------++-------
Melee: Unarmed           ||    28
       Kick              ||     5
       Headbutt          ||     3
 Cast: Beastly Appendage ||     8
  Use: Potion            ||     2
Armor: Robe              ||     5
Dodge: Dodged            ||    25

Table legend: (Time is in decaauts)
 A = Elapsed time spent in this place.
 B = Non-inter-level travel time spent in this place.
 C = Inter-level travel time spent in this place.
 D = Time resting spent in this place.
 E = Time spent auto-exploring this place.
 F = Levels seen in this place.
 G = Mean time per level.
                   A        B        C        D        E       F      G
               +--------+--------+--------+--------+--------+-----+--------+
         Total |    573 |    573 |      0 |      4 |    497 |   2 |  286.5 |
       Dungeon |    573 |    573 |      0 |      4 |    497 |   2 |  286.5 |
               +--------+--------+--------+--------+--------+-----+--------+

Top non-repeatable levels by time:
     D:1: 541 daAuts
     D:2: 32 daAuts
